 Dungeon Crawl Stone Soup version 0.27.1-1-g398f81649c (webtiles) character file.

Game seed: 13470463998859646702

86 Thatpatchoflichen the Chucker (level 4, -2/48 HPs)
             Began as an Ogre Hunter on Sept 9, 2021.
             Slain by an orc (4 damage)
             ... on level 3 of the Dungeon.
             The game lasted 00:04:58 (2738 turns).

Thatpatchoflichen the Chucker (Ogre Hunter)         Turns: 2738, Time: 00:04:59

Health: -2/48      AC:  3    Str: 16    XL:     4   Next: 50%
Magic:  4/4        EV: 10    Int: 12    God:
Gold:   90         SH:  0    Dex: 10    Spells: 3/3 levels left

rFire    . . .     SeeInvis .   a - +0 short sword
rCold    . . .     Faith    .   (no shield)
rNeg     . . .     Spirit   .   h - +0 robe
rPois    .         Reflect  .   (helmet restricted)
rElec    .         Harm     .   (no cloak)
rCorr    .         Rampage  .   (gloves unavailable)
Will     .....                  (boots unavailable)
Stlth    +.........             (no amulet)
HPRegen  0.16/turn              (no ring)
MPRegen  0.09/turn              (no ring)

@: no status effects
A: large, unfitting armour, tough skin 1
a: no special abilities


You were on level 3 of the Dungeon.
You visited 1 branch of the dungeon, and saw 3 of its levels.

You collected 90 gold pieces.

Inventory:

Hand Weapons
 a - a +0 short sword (weapon)
Missiles
 c - 2 large rocks (quivered)
 d - 2 throwing nets
 i - 4 atropa-tipped darts
 k - 40 stones
 l - 7 poisoned darts
Armour
 h - a +0 robe (worn)
Wands
 b - a wand of iceblast (10)
Scrolls
 f - 2 scrolls of identify {unknown}
 j - a scroll of fear {unknown}
Potions
 e - a potion of curing {unknown}
 g - a potion of magic {unknown}


   Skills:
 - Level 4.0 Fighting
 - Level 4.0 Throwing
 * Level 3.6 Dodging
 - Level 0.6 Stealth


You had 3 spell levels left.
You didn't know any spells.
Your spell library was empty.

Dungeon Overview and Level Annotations

Branches:
Dungeon (3/15)

Altars:
Fedhas


Innate Abilities, Weirdness & Mutations

You are too large for most types of armour.
You have tough skin. (AC +1)


Message History

The orc misses you.
You hit the orc.
The orc is severely wounded.
The orc hits you with a +0 club.
* * * LOW HITPOINT WARNING * * *
Throw: 5 large rocks
Press: ? - help, Q - select action, (/) - cycle Shift-Dir - straight line, f - orc
Aim: an orc, wielding a +0 club and wearing a +0 ring mail (severely wounded, 64% to hit)
You throw a large rock. The large rock closely misses the orc.
The large rock hits the giant cockroach!
You kill the giant cockroach!
The orc completely misses you.
Throw: 4 large rocks
Press: ? - help, Q - select action, (/) - cycle Shift-Dir - straight line, f/p - orc
Aim: an orc, wielding a +0 club and wearing a +0 ring mail (severely wounded, 64% to hit)
You throw a large rock. The large rock barely misses the orc.
The orc misses you. The orc hits you with a +0 club.
* * * LOW HITPOINT WARNING * * *
Throw: 3 large rocks
Press: ? - help, Q - select action, (/) - cycle Shift-Dir - straight line, f/p - orc
Aim: an orc, wielding a +0 club and wearing a +0 ring mail (severely wounded, 64% to hit)
You throw a large rock. The large rock closely misses the orc.
The orc closely misses you. x2
You hit the orc but do no damage.
The orc is heavily wounded.
The orc barely misses you.
You hit the orc but do no damage.
The orc is heavily wounded.
The orc barely misses you.
You barely miss the orc.
The orc is heavily wounded.
The orc hits you with a +0 club.
* * * LOW HITPOINT WARNING * * *
You hit the orc.
The orc is almost dead.
The orc closely misses you.
You hit the orc but do no damage.
The orc is almost dead.
The orc hits you with a +0 club.
You die...

#(# #.#####.# #.# #.#
#.# #.# #.# #.# #.# #.#
#(# #.# #.# #.#
###.#####.#####.##
####............#...###
#.....o...#.#.#.#......
#.##.#@##.##.##)#...###
# #.#.##.##.##.###.#
#.#.##.##.##.###.###
#.#.##........†.....
..#.#######...).....
..#.# #...#..... #.#
#...#..... #.#
#...#.##.# #...#.# ..


You could see an orc.

Vanquished Creatures
  An adder (D:2)
  A river rat (D:3)
  11 endoplasms
  5 giant cockroaches
  8 goblins
  6 hobgoblins
  2 jackals (D:1)
  6 kobolds
  3 quokkas
  4 ball pythons
  2 bats
  3 frilled lizards
  6 rats
58 creatures vanquished.

Notes
Turn   | Place    | Note
-------+----------+-------------------------------------------
     0 | D:1      | Thatpatchoflichen the Ogre Hunter began the quest for the
                  | Orb.
     0 | D:1      | Reached XP level 1. HP: 22/22 MP: 1/1
   343 | D:1      | Reached XP level 2. HP: 22/31 MP: 2/2
   885 | D:1      | Reached XP level 3. HP: 27/39 MP: 3/3
  1430 | D:2      | Found a blossoming altar of Fedhas.
  1913 | D:2      | Reached XP level 4. HP: 48/48 MP: 4/4
  2723 | D:3      | HP: 2/48 [orc (2)]
  2736 | D:3      | HP: 1/48 [orc (3)]
  2738 | D:3      | Slain by an orc

Illustrated notes

Levels and vault maps discovered:
D:1:      onia_arrival_mini_spirals, layout_loops_ring,
          chequers_serial_rivers_micro_b, minmay_tetromino_t4
D:2:      layout_loops_ring, basic_altar, nrook_uturn
D:3:      layout_loops_ring, portal_sewer_entry_a, biasface_ghost_orc_armoury,
          basic_ecumenical_altar, serial_shops, shop

Skill      XL: |  1  2  3 |
---------------+----------+-----
Fighting       | 3 4 |  4.0
Dodging        | 2 3 |  3.6
Throwing       | |  4.0
Stealth        | |  0.6

Action                   |  1- 3 |  4- 6 || total
-------------------------+-------+-------++-------
Melee: Short sword       |   144 |    86 ||   230
Throw: Large rock        |       |     3 ||     3
Armor: Robe              |    33 |    26 ||    59
Dodge: Dodged            |    80 |    45 ||   125
